 Dungeon Crawl Stone Soup version 0.29-a0-824-gd827844252 (webtiles) character file.

Game seed: 4724059323283836600

1707 indigestion the Firebug (level 9, -1/54 (56) HPs)
             Began as an Octopode Fire Elementalist on July 10, 2022.
             Was an Initiate of Vehumet.
             Engulfed by a steam dragon's steam (5 damage)
             ... on level 6 of the Dungeon.
             The game lasted 00:29:39 (7134 turns).

indigestion the Firebug (OpFE)                      Turns: 7134, Time: 00:29:39

HP:   -1/54 (56)    AC:  3    Str:  8    XL:     9   Next: 3%
MP:   10/16         EV: 29    Int: 21    God:    Vehumet [......]
Gold: 183           SH:  0    Dex: 12    Spells: 4/17 levels left

rFire   . . .      SeeInvis .   D - staff of poison
rCold   . . .      Faith    .   (no shield)
rNeg    . . .      Spirit   .   (helmet restricted)
rPois   +          Reflect  .   g - amulet of the acrobat
rElec   .          Harm     .   (no ring)
rCorr   .          Rampage  .   (no ring)
Will    .....                   (no ring)
Stlth   +++.......              (no ring)
HPRegen 0.18/turn               (no ring)
MPRegen 0.15/turn               (no ring)
                                (no ring)
                                (no ring)

@: acrobatic, lightly drained
A: almost no armour, amphibious, 8 rings, camouflage 1, gelatinous body 1,
(nimble swimmer 1), tentacles, tentacle spike 1, iridescent scales 1, robust 1
a: Renounce Religion


You were on level 6 of the Dungeon.
You worshipped Vehumet.
Vehumet was noncommittal.
You visited 2 branches of the dungeon, and saw 7 of its levels.
You also visited: Sewer.

You collected 183 gold pieces.

Inventory:

Hand Weapons
 q - a +1 short sword of flaming
 t - a +2 vorpal hand axe
 E - a +0 whip of electrocution
Magical Staves
 D - a staff of poison (weapon)
Jewellery
 g - an amulet of the acrobat (around mantle)
Wands
 C - a wand of polymorph (8)
Scrolls
 b - a scroll of poison {unknown}
 h - a scroll of acquirement {unknown}
 k - a scroll of enchant weapon
 l - 2 scrolls of brand weapon
 r - 2 scrolls of magic mapping {unknown}
 u - 4 scrolls of identify {unknown}
 w - 2 scrolls of fog {unknown}
 x - a scroll of blinking {unknown}
 y - a scroll of vulnerability {unknown}
 z - a scroll of amnesia {unknown}
 B - 3 scrolls of fear {unknown}
Potions
 a - a potion of magic
 c - a potion of mutation
 f - a potion of brilliance
 i - a potion of attraction {unknown}
 j - a potion of degeneration
 m - 2 potions of haste {unknown}
 n - a potion of heal wounds {unknown}
 o - 2 potions of cancellation
 p - a potion of flight {unknown}
 s - a potion of resistance {unknown}
 v - a potion of invisibility {unknown}
 A - a potion of lignification {unknown}
 F - a potion of berserk rage {unknown}


   Skills:
 - Level 4.5 Dodging
 - Level 4.0 Stealth
 - Level 4.7 Spellcasting
 - Level 4.5 Conjurations
 - Level 3.9 Hexes
 + Level 2.2 Summonings
 - Level 5.5 Fire Magic
 + Level 2.7 Poison Magic
 + Level 2.4 Evocations


You had 4 spell levels left.
You knew the following spells:

 Your Spells              Type           Power      Damage    Failure   Level
a - Foxfire               Conj/Fire      100%       2x1d9     1%          1
b - Scorch                Fire           56%        2d7       1%          2
c - Inner Flame           Hex/Fire       24%        N/A       4%          3
d - Summon Small Mammal   Summ           56%        N/A       4%          1
e - Mephitic Cloud        Conj/Pois/Air  22%        N/A       12%         3
f - Ignite Poison         Fire/Tmut/Pois 24%        N/A       11%         3

Your spell library contained the following spells:

 Spells                   Type           Power      Damage    Failure   Level
 Conjure Flame            Conj/Fire      26%        6-21      4%          3
 Ensorcelled Hibernation  Hex/Ice        26%        N/A       8%          2
 Apportation              Tloc           8%         N/A       11%         1
 Necrotise                Necr           16%        1d4       11%         1
 Flame Wave               Conj/Fire      26%        2d7       14%         4
 Spider Form              Tmut/Pois      16%        N/A       19%         3
 Anguish                  Hex/Necr       6%         N/A       45%         4
 Summon Mana Viper        Hex/Summ       17%        N/A       65%         5
 Freezing Cloud           Conj/Ice/Air   5%         6-21      86%         5
 Summon Forest            Summ/Tloc      4%         N/A       89%         5
 Summon Cactus Giant      Summ           7%         N/A       100%        6


Dungeon Overview and Level Annotations

Branches:
Dungeon (6/15)             Temple (1/1) D:4           Sewer (visited)

Altars:
Ashenzari
Cheibriados
Dithmenos
Elyvilon
Fedhas
Hepliaklqana
Kikubaaqudgha
Makhleb
Nemelex Xobeh
Okawaru
Qazlal
Ru
Sif Muna
Trog
Uskayaw
Vehumet
Xom
Yredelemnul
The Shining One

Shops:
D:1 [

Annotations:
D:6 Menkaure


Innate Abilities, Weirdness & Mutations

You cannot wear most types of armour.
You are amphibious.
You can wear up to eight rings at the same time.
Your skin changes colour to match your surroundings (Stealth+).
Your rubbery body absorbs attacks. (AC +1, EV +1)
((You are camouflaged when in or above water. (Stealth+)))
You have tentacles for arms and can constrict up to eight enemies at once.
One of your tentacles bears a spike.
You are partially covered in iridescent scales. (AC +2)
You are robust. (+10% HP)


Message History

The orc wizard casts a spell.
The orc wizard flickers and vanishes!
Deactivating autopickup; reactivate with Ctrl-A.
The orc completely misses you. The orc attacks as you move away!
The orc closely misses you.
The orc wizard attacks as you move away!
The orc wizard completely misses you.
The centaur shoots an arrow.
The arrow barely misses you.
The orc throws a javelin.
The javelin misses you.
Unknown command.
Okay, then.
Okay, then.
Okay, then.
The centaur shoots an arrow.
The arrow completely misses you.
The orc wizard attacks as you move away!
The orc wizard completely misses you.
The orc throws a javelin.
The javelin pierces through you!
* * * LOW HITPOINT WARNING * * *
You feel better.
The orc wizard hits you with a +0 dagger.
* * * LOW HITPOINT WARNING * * *
The orc wizard attacks as you move away!
The orc wizard hits you with a +0 dagger.
* * * LOW HITPOINT WARNING * * *
The steam dragon hisses angrily.
The orc wizard gestures at you while chanting.
A magic dart appears from out of thin air!
The magic dart hits you.
* * * LOW HITPOINT WARNING * * *
The steam dragon breathes steam at you. The ball of steam misses you.
You hear a bark!
You hear a shout!
As you read the scroll labelled ADIYLI GILUPS, it crumbles to dust.
It is a scroll of enchant weapon.
Really abort (and waste the scroll)?
Uppercase [Y]es or [N]o only, please.
Really abort (and waste the scroll)?
Okay, then.
You are engulfed in a cloud of scalding steam.
You die...

# #.#.#.#. #. ..#
##.#.#.#.#. #.# ..
###D#.#.#.#.# #.#. ..
#......#.#.# .#.# ##.#
#.....#.#.# '#.
..#.#...##..§§§.#.# .
..
#..#.....#..§§§#.#....
. #... #..#{...@...#
.. # ##..##
##o##.#.§.#.... #.
.##....###.####.....#
. .. ..#..#..#o.#
.#.#.#.# . #....
#...## ##.#.#.#.# #.
#..## #M.## # #.#.#.#
#. #.†.###...# #.#.#.
#. ..#..#..#..# #.#.
#. .##?....##.# #


You could see an orc wizard.

Vanquished Creatures
  Pikel (D:5)
  A water moccasin (D:5)
  A sky beast (D:6)
  2 ogres
  A phantom (D:4)
  3 lemures (D:5)
  Blork the orc (D:5)
  2 bullfrogs (Sewer)
  2 scorpions (D:6)
  A wight (D:6)
  A hound (D:4)
  A gnoll bouda (D:5)
  4 gnolls (D:4)
  16 adders
  11 river rats
  2 shadow imps (D:5)
  2 dart slugs (D:1)
  5 worms
  5 orcs
  14 ball pythons
  9 endoplasms
  3 giant cockroaches
  11 goblins
  5 hobgoblins
  3 jackals (D:4)
  7 quokkas
  5 bats
  9 frilled lizards
  6 kobolds
  29 rats
163 creatures vanquished.

Vanquished Creatures (others)
  276 foxfires
276 creatures vanquished.

Grand Total: 439 creatures vanquished

Notes
Turn   | Place    | Note
-------+----------+-------------------------------------------
     0 | D:1      | indigestion the Octopode Fire Elementalist began the quest
                  | for the Orb.
     0 | D:1      | Reached XP level 1. HP: 11/11 MP: 3/3
   245 | D:1      | Reached XP level 2. HP: 17/17 MP: 5/5
   632 | D:1      | Found Iwicydoff's Armour Shop.
   684 | D:1      | Reached XP level 3. HP: 21/21 MP: 4/6
  1261 | D:2      | Learned a level 2 spell: Scorch
  1265 | D:2      | Learned a level 3 spell: Inner Flame
  1588 | D:2      | Found a faded altar of an unknown god.
  1885 | D:3      | Reached XP level 4. HP: 11/27 MP: 5/7
  2095 | D:3      | Found a glowing drain.
  2158 | Sewer    | Entered a sewer
  2299 | Sewer    | Reached XP level 5. HP: 31/31 MP: 7/9
  2884 | Sewer    | Reached XP level 6. HP: 34/36 MP: 7/10
  2942 | Sewer    | Reached skill level 4 in Fire Magic
  2944 | Sewer    | Reached skill level 1 in Hexes
  3053 | Sewer    | Gained mutation: You are robust. (+10% HP) [potion of
                  | mutation]
  3053 | Sewer    | Gained mutation: You are partially covered in iridescent
                  | scales. (AC +2) [potion of mutation]
  3053 | Sewer    | Gained mutation: One of your tentacles bears a spike.
                  | [potion of mutation]
  3742 | D:3      | Found a basalt altar of Yredelemnul.
  4029 | D:3      | Reached XP level 7. HP: 40/45 MP: 12/12
  4244 | D:4      | Found a staircase to the Ecumenical Temple.
  4276 | Temple   | Entered the Ecumenical Temple
  4404 | Temple   | Became a worshipper of Vehumet
  4528 | D:4      | Found a hazy altar of Hepliaklqana.
  4637 | D:4      | Found a stormy altar of Qazlal.
  5096 | D:5      | Entered Level 5 of the Dungeon
  5096 | D:5      | Noticed Blork the orc
  5106 | D:5      | Killed Blork the orc
  5356 | D:5      | Noticed Pikel
  5718 | D:5      | Reached XP level 8. HP: 21/50 MP: 7/14
  6104 | D:5      | Found a white marble altar of Elyvilon.
  6180 | D:5      | Learned a level 1 spell: Summon Small Mammal
  6208 | D:5      | Killed Pikel
  6209 | D:5      | Reached skill level 5 in Fire Magic
  6647 | D:5      | Reached skill level 1 in Summonings
  6647 | D:5      | Reached skill level 1 in Poison Magic
  6647 | D:5      | Reached skill level 1 in Evocations
  6922 | D:6      | Reached XP level 9. HP: 56/56 MP: 3/16
  6926 | D:6      | Learned a level 3 spell: Mephitic Cloud
  6930 | D:6      | Learned a level 3 spell: Ignite Poison
  7112 | D:6      | Noticed Menkaure
  7134 | D:6      | Engulfed by a steam dragon's steam

Illustrated notes

Levels and vault maps discovered:
D:1:      dpeg_arrival_erosion, layout_rooms, serial_shops, shop,
          chequers_serial_rivers_micro_c
D:2:      layout_basic, shapermc_ecumenical_altar_totnotflames
D:3:      layout_loops_ring, nicolae_overflow_hidden_temple,
          lightli_sewer_entry_pipes
D:4:      layout_basic, mainiacjoe_overflow_large_starburst,
          minmay_temple_entry_trees
D:5:      layout_basic, elyvilon_altar_5, uniq_pikel, uniq_blork_the_orc
D:6:      hellmonk_destroyed_diamonds, layout_basic, serial_shops,
          shop_fountains, st_stairs_1, uniq_menkaure
Temple:   nicolae_temple_superstar

Skill      XL: |  1  2  3  4  5  6  7  8 |
---------------+-------------------------+-----
Stealth        | 3 4 |  4.0
Conjurations   | 2 3 4 |  4.5
Dodging        | 3 4 |  4.5
Spellcasting   | 3 4 |  4.7
Fire Magic     | 4 5 |  5.5
Hexes          | 1 3 |  3.9
Summonings     | 2 |  2.2
Poison Magic   | 2 |  2.7
Evocations     | 2 |  2.4

Action                   |  1- 3 |  4- 6 |  7- 9 || total
-------------------------+-------+-------+-------++-------
Melee: Unarmed           |     7 |       |       ||     7
       Constrict         |    12 |    18 |     6 ||    36
       Tentacles         |     7 |    14 |     5 ||    26
       Dagger            |    37 |       |       ||    37
       Short sword       |     4 |    60 |    45 ||   109
       Punch             |       |     2 |       ||     2
       Kick              |       |     7 |     9 ||    16
 Cast: Foxfire           |    33 |    55 |    73 ||   161
       Scorch            |       |     1 |    16 ||    17
       Inner Flame       |       |       |    17 ||    17
       Summon Small Mamm |       |       |     4 ||     4
  Use: Scroll            |       |     4 |     2 ||     6
       Potion            |       |     4 |     2 ||     6
 Stab: Sleeping          |    10 |     8 |     2 ||    20
Armor: Skin              |     4 |     3 |     8 ||    15
Dodge: Dodged            |    31 |    39 |    92 ||   162

Table legend: (Time is in decaauts)
 A = Elapsed time spent in this place.
 B = Non-inter-level travel time spent in this place.
 C = Inter-level travel time spent in this place.
 D = Time resting spent in this place.
 E = Time spent auto-exploring this place.
 F = Levels seen in this place.
 G = Mean time per level.
                   A        B        C        D        E       F      G
               +--------+--------+--------+--------+--------+-----+--------+
         Total |   7143 |   6936 |    207 |   2003 |   3316 |   8 |  892.9 |
       Dungeon |   5917 |   5710 |    207 |   1491 |   2980 |   6 |  986.2 |
        Temple |    151 |    151 |      0 |      0 |     72 |   1 |  151.0 |
         Sewer |   1074 |   1074 |      0 |    512 |    264 |   1 | 1074.0 |
               +--------+--------+--------+--------+--------+-----+--------+

Top non-repeatable levels by time:
     D:5: 1781 daAuts
     D:3: 1213 daAuts
   Sewer: 1074 daAuts
     D:2: 961 daAuts
     D:1: 899 daAuts
     D:4: 802 daAuts
     D:6: 258 daAuts
  Temple: 151 daAuts
